 Dungeon Sprint DCSS version bcrawl-1.31 (webtiles) character file.

Game seed: 5268719446330197334

8200000 Groucho the Intangible (level 27, -15/174 HPs)
             Began as a Spriggan Abyssal Knight on Apr 9, 2021.
             Was the Champion of Makhleb.
             Killed from afar by a wretched soul (66 damage)
             ... with a bolt of negative energy
             ... in the Dungeon (Sprint VIII: "Arena of Blood").
             The game lasted 00:03:06 (82 turns).

Groucho the Intangible (Spriggan Abyssal Knight)      Turns: 82, Time: 00:03:06

Health: -15/174    AC:  4    Str:  8    XL:     27
Magic:  37/55      EV: 46    Int: 15    God:    Makhleb [******]
Gold:   0          SH:  0    Dex: 27    Spells: 80/80 levels left

rFire    . . .     SeeInvis +   l - +∞ Axe of Woe
rCold    . . .     Gourm    .   (shield currently unavailable)
rNeg     . . .     Faith    .   b - +0 robe
rPois    .         Spirit   .   (helmet restricted)
rElec    .         Reflect  .   (no cloak)
rCorr    .         Harm     .   (gloves unavailable)
MR       ++++.     NoTele   +   (boots unavailable)
Stlth    ++++++++++             (no amulet)
HPRegen  0.39/turn              (no ring)
MPRegen  0.34/turn              (no ring)

@: drained, very quick
A: very small, unfitting armour, see invisible, herbivore, speed 3, slow
metabolism 2
a: Minor Destruction, Lesser Servant of Makhleb, Major Destruction, Greater
Servant of Makhleb, Renounce Religion


You were in the Dungeon.
You worshipped Makhleb.
Makhleb was exalted by your worship.
You were not hungry.

You visited 1 branch

Inventory:

Hand Weapons
 a - a +1 hand axe
 l - the +∞ Axe of Woe (weapon)
   (You found it in the Dungeon)
Missiles
 c - 10 tomahawks of dispersal {=f}
 d - 40 stones (quivered)
Armour
 b - a +0 robe (worn)
Jewellery
 m - a +200 ring of slaying
 n - a +100 ring of slaying
Scrolls
 k - a scroll of blinking
Potions
 f - a potion of curing
 g - a potion of heal wounds
 h - a potion of haste
 i - 2 potions of magic
 j - a potion of berserk rage
Comestibles
 e - a ration {!d}


   Skills:
 O Level 27(25.5) Fighting
 O Level 27(25.5) Axes
 O Level 27(25.5) Throwing
 O Level 27(25.5) Armour
 O Level 27(25.5) Dodging
 O Level 27(25.5) Stealth
 O Level 27(25.5) Unarmed Combat
 O Level 27(25.5) Spellcasting
 O Level 27(25.5) Invocations


You had 80 spell levels left.
You didn't know any spells.
Your spell library was empty.

Dungeon Overview and Level Annotations

Branches:
Dungeon (1/1)

Altars:
Makhleb


Innate Abilities, Weirdness & Mutations

You are very small and have problems with some larger weapons.
You are too small for most types of armour.
You have supernaturally acute eyesight. (SInv)
You are a herbivore.
You cover ground extremely quickly.
You need to consume almost no food.


Message History

Something smites you!
No path to travel!
No path to travel!
Press: ? - help, v - describe, . - travel, g - get item
Items here: )))) ====
m - a +200 ring of slaying;
n - a +100 ring of slaying You are engulfed in blazing flames.
You hear a shout! x2
The meat beast bites you! The meat beast tramples you.
* * * LOW HITPOINT WARNING * * *
You stumble backwards!
The meat berserker rages.
You hear a shout! x2
The tyrant mumbles some strange words.
You hear a shout! x2
A destroyer comes into view.
It is wielding a +9 great sword of slicing.
You hear a shout! x3
The wretched soul breathes negative energy at you.
You feel drained. The bolt of negative energy hits you!!!
You die...

%% ..... #%. ...#
#.. ...# . .###..
.X.###..
..%.%.###XX....
......_L%...
#.)§§§# #°)2@○#
#.O§§§#
...VO.W_.%MOV....
.o...o###.%.Vo...
.###%% ...###o..
#z. ...# O. #.
..%%# .. ..%.. ..
.......


You could see an accursed, 3 tentacled monstrosities, a meat beast, a tyrant, 2
destroyers, a sculptor of flesh, a large bag of meat (inner flame), a wretched
soul (invisible), 3 meat berserkers and 4 bags of meat.

Vanquished Creatures
  A hell beast (D)
  2 greater mummies (D)
  13 vampire knights (D)
  18 ogres (D)
  7 two-headed ogres (D)
  2 liches (D)
  24 orcs (D)
  3 skeletal warriors (D)
  3 large abominations (D)
  4 small abominations (D)
  3 crawling corpses (D)
80 creatures vanquished.

Vanquished Creatures (others)
  A crawling corpse (D)
1 creature vanquished.

Grand Total: 81 creatures vanquished

Notes
Turn   | Place    | Note
-------+----------+-------------------------------------------
     0 | D        | Found the +∞ Axe of Woe
     0 | D        | Groucho the Spriggan Abyssal Knight began the quest for the
                  | Orb.
     0 | D        | Reached XP level 1. HP: 11/11 MP: 3/3
     2 | D        | Noticed a meat berserker
     2 | D        | Noticed a bag of meat
     2 | D        | Noticed a bag of meat
     4 | D        | Fell from the grace of Lugonu
     4 | D        | Became a worshipper of Makhleb the Destroyer
     5 | D        | Noticed a bag of meat
     6 | D        | Noticed a bag of meat
     7 | D        | Killed a meat berserker
     7 | D        | Noticed a meat berserker
     7 | D        | Noticed a meat berserker
     8 | D        | Reached skill level 27 in Dodging
     8 | D        | Reached XP level 2. HP: 16/16 MP: 4/4
     8 | D        | Reached XP level 3. HP: 19/19 MP: 5/5
     8 | D        | Reached XP level 4. HP: 23/23 MP: 6/6
     8 | D        | Reached XP level 5. HP: 27/27 MP: 7/7
     8 | D        | Reached XP level 6. HP: 32/32 MP: 8/8
     8 | D        | Reached XP level 7. HP: 35/35 MP: 9/9
     8 | D        | Reached XP level 8. HP: 39/39 MP: 10/10
     8 | D        | Reached XP level 9. HP: 43/43 MP: 11/11
     8 | D        | Reached XP level 10. HP: 47/47 MP: 12/12
     8 | D        | Reached XP level 11. HP: 51/51 MP: 13/13
     8 | D        | Reached XP level 12. HP: 56/56 MP: 14/14
     8 | D        | Reached XP level 13. HP: 59/59 MP: 15/15
    10 | D        | Noticed a bag of meat
    11 | D        | Killed a bag of meat
    11 | D        | Reached * piety under Makhleb
    11 | D        | Killed a bag of meat
    12 | D        | Reached XP level 14. HP: 63/63 MP: 16/16
    14 | D        | Killed a bag of meat
    14 | D        | Killed a meat berserker
    14 | D        | Reached ** piety under Makhleb
    14 | D        | Killed a meat berserker
    15 | D        | Reached skill level 27 in Axes
    15 | D        | Reached XP level 15. HP: 85/85 MP: 16/27
    15 | D        | Reached XP level 16. HP: 90/90 MP: 16/28
    16 | D        | Reached *** piety under Makhleb
    17 | D        | Reached skill level 15 in Fighting
    18 | D        | Noticed a large bag of meat
    20 | D        | Noticed a destroyer
    21 | D        | Reached skill level 15 in Unarmed Combat
    21 | D        | Reached XP level 17. HP: 100/100 MP: 17/31
    23 | D        | Noticed a meat berserker
    24 | D        | Killed a destroyer
    26 | D        | Killed a large bag of meat
    26 | D        | Reached **** piety under Makhleb
    26 | D        | Noticed a meat berserker
    27 | D        | Reached XP level 18. HP: 55/113 MP: 19/34
    29 | D        | Noticed a large bag of meat
    30 | D        | Killed a meat berserker
    30 | D        | Killed a meat berserker
    31 | D        | Reached XP level 19. HP: 114/122 MP: 21/36
    33 | D        | Noticed a meat berserker
    34 | D        | Noticed a meat berserker
    36 | D        | Noticed a large bag of meat
    37 | D        | Killed a large bag of meat
    37 | D        | Noticed a destroyer
    38 | D        | Killed a meat berserker
    38 | D        | Reached ***** piety under Makhleb
    39 | D        | Reached skill level 27 in Invocations
    40 | D        | Reached XP level 20. HP: 133/133 MP: 23/38
    40 | D        | Killed a meat berserker
    40 | D        | Noticed a destroyer
    41 | D        | Noticed a destroyer
    42 | D        | Killed a destroyer
    43 | D        | Reached skill level 27 in Fighting
    43 | D        | Reached skill level 27 in Armour
    43 | D        | Reached skill level 27 in Unarmed Combat
    43 | D        | Reached skill level 10 in Spellcasting
    43 | D        | Reached XP level 21. HP: 142/142 MP: 24/39
    43 | D        | Noticed a large bag of meat
    44 | D        | Killed a destroyer
    44 | D        | Reached ****** piety under Makhleb
    46 | D        | Killed a large bag of meat
    47 | D        | Reached skill level 27 in Stealth
    47 | D        | Reached XP level 22. HP: 133/148 MP: 25/52
    47 | D        | Noticed a large bag of meat
    48 | D        | Reached skill level 27 in Spellcasting
    48 | D        | Noticed a tyrant
    48 | D        | Killed a tyrant
    49 | D        | Reached skill level 27 in Throwing
    50 | D        | Noticed a destroyer
    50 | D        | Noticed a destroyer
    52 | D        | Noticed a destroyer
    53 | D        | Noticed an accursed
    53 | D        | Killed a destroyer
    54 | D        | Reached XP level 23. HP: 153/153 MP: 27/55
    54 | D        | Killed a destroyer
    54 | D        | Killed a large bag of meat
    54 | D        | Noticed an accursed
    56 | D        | Reached XP level 24. HP: 138/158 MP: 28/55
    57 | D        | Killed a destroyer
    58 | D        | Reached XP level 25. HP: 156/163 MP: 28/55
    59 | D        | Killed a large bag of meat
    59 | D        | Noticed a tyrant
    60 | D        | Killed a destroyer
    61 | D        | Reached XP level 26. HP: 153/169 MP: 29/55
    61 | D        | Noticed a destroyer
    62 | D        | Noticed a destroyer
    63 | D        | Killed an accursed
    64 | D        | Reached XP level 27. HP: 78/174 MP: 30/55
    64 | D        | Noticed a large bag of meat
    64 | D        | Noticed a destroyer
    64 | D        | Noticed a destroyer
    65 | D        | Killed an accursed
    65 | D        | Noticed a destroyer
    66 | D        | Killed a destroyer
    68 | D        | Killed a destroyer
    68 | D        | Killed a destroyer
    68 | D        | Killed a destroyer
    68 | D        | Noticed a large bag of meat
    71 | D        | Noticed an accursed
    72 | D        | Killed a large bag of meat
    73 | D        | Noticed a destroyer
    74 | D        | Noticed a meat beast
    74 | D        | Killed a tyrant
    76 | D        | Killed a meat beast
    76 | D        | Noticed a destroyer
    77 | D        | Killed a destroyer
    78 | D        | Killed a destroyer
    78 | D        | Noticed a meat beast
    79 | D        | Noticed a tyrant
    79 | D        | Noticed a destroyer
    80 | D        | Killed a large bag of meat
    80 | D        | Noticed a tyrant
    80 | D        | Noticed an accursed
    82 | D        | Noticed a destroyer
    82 | D        | Killed from afar by a wretched soul

Skill      XL: |  1  2  3  4  5  6  7  8  9 10 11 12 13 14 15 16 17 18 19 20 21 22 |
---------------+-------------------------------------------------------------------+-----
Axes           | 20 25 27 | 27.0
Dodging        | 27 | 27.0
Fighting       | 12 16 19 22 25 27 | 27.0
Armour         | 11 14 18 20 23 27 | 27.0
Unarmed Combat | 12 15 19 22 24 27 | 27.0
Invocations    | 14 18 22 25 27 | 27.0
Throwing       | 8 22 27 | 27.0
Stealth        | 13 27 | 27.0
Spellcasting   | 10 25 27 | 27.0

Action                   |  1- 3 |  4- 6 |  7- 9 | 10-12 | 13-15 | 16-18 | 19-21 | 22-24 | 25-27 || total
-------------------------+-------+-------+-------+-------+-------+-------+-------+-------+-------++-------
Melee: Broad axe         |     1 |       |       |       |     2 |     6 |     9 |     9 |    18 ||    45
Dodge: Dodged            |       |       |       |       |     1 |       |     1 |       |     2 ||     4
